 Dungeon Crawl Stone Soup version 0.21-a0-641-geef9d7f (webtiles) character file.

630877 Lanoc the Executioner (level 27, -23/258 HPs)
             Began as a Minotaur Monk on Dec 30, 2017.
             Was the Champion of Trog.
             Killed from afar by a purple draconian knight (38 damage)
             ... with a shard of ice
             ... on level 4 of the Realm of Zot.
             The game lasted 05:37:11 (63847 turns).

Lanoc the Executioner (Minotaur Monk)              Turns: 63847, Time: 05:37:12

Health: -23/258    AC: 39    Str: 31    XL:     27
Magic:  32/32      EV: 26    Int: 27    God:    Trog [******]
Gold:   8234       SH: 11    Dex: 29    Spells: 26/26 levels left

rFire    + + .     SeeInvis .   q - +11 broad axe "Glorpo" {chop, MR+ Int+6}
rCold    + . .     Gourm    .   O - +3 buckler {AC+3}
rNeg     + + +     Faith    .   w - +4 gold dragon scales
rPois    +         Spirit   .   x - +0 hat of Jogoedwoki {rC- rN+++ Str+5}
rElec    .         Reflect  .   G - scarf {cloud immunity}
rCorr    +         Harm     .   p - +2 pair of gloves of Brilliance {Str+5}
MR       +++++                  f - +2 pair of boots of Oghoq {rCorr Dex+2}
Stlth    ..........             e - amulet of regeneration
HPRegen  1.93/turn              B - ring "Pugebb" {rC+ rN+ Str+4 Int+9 Dex+4}
MPRegen  0.23/turn              R - ring of Balance {Wiz *Contam rF+ MR+ Int+5}

@: about to teleport, regenerating
A: retaliatory headbutt, horns 2, mutation resistance 1, weak 1
}: 3/15 runes: barnacled, slimy, gossamer
a: Berserk, Trog's Hand, Brothers in Arms, Burn Spellbooks, Renounce Religion


You were on level 4 of the Realm of Zot.
You worshipped Trog.
Trog was exalted by your worship.
You were not hungry.

You visited 13 branches of the dungeon, and saw 57 of its levels.
You also visited: Labyrinth and Ice Cave.

You collected 9530 gold pieces.
You spent 1296 gold pieces at shops.

Inventory:

Hand Weapons
 q - the +11 broad axe "Glorpo" (weapon) {chop, MR+ Int+6}
   (Trog gifted it to you on level 2 of the Vaults)

   It inflicts extra damage upon your enemies.
   It affects your intelligence (+6).
   It affects your resistance to hostile enchantments.
 N - the +9 longbow of Nigeg {venom, Str+3 Int+4 SInv}
   (Trog gifted it to you on level 3 of the Lair of Beasts)

   It poisons the ammo it fires.
   It affects your strength (+3).
   It affects your intelligence (+4).
   It lets you see invisible.
 X - a +9 executioner's axe of electrocution
Missiles
 i - 1670 arrows
Armour
 f - the +2 pair of boots of Oghoq (worn) {rCorr Dex+2}
   (You acquired it on level 2 of the Spider Nest)

   It affects your dexterity (+2).
   It protects you from acid and corrosion.
 p - the +2 pair of gloves of Brilliance (worn) {Str+5}
   (You bought it in a shop on level 2 of the Orcish Mines)

   It affects your strength (+5).
 w - +4 gold dragon scales (worn)
 x - the +0 hat of Jogoedwoki (worn) {rC- rN+++ Str+5}
   (You found it on level 4 of the Vaults)

   It affects your strength (+5).
   It makes you vulnerable to cold.
   It renders you almost immune to negative energy.
 G - a scarf of cloud immunity (worn)
 I - the +2 shield of Resistance {rF+ rC+ MR+}
   (You found it on level 3 of the Crypt)

   It protects you from fire.
   It protects you from cold.
   It affects your resistance to hostile enchantments.
 O - a +3 buckler of protection (worn)
Jewellery
 e - an amulet of regeneration (around neck)
 B - the ring "Pugebb" (left hand) {rC+ rN+ Str+4 Int+9 Dex+4}
   (You found it on level 2 of the Crypt)

   [ring of protection from cold]

   It affects your strength (+4).
   It affects your intelligence (+9).
   It affects your dexterity (+4).
   It protects you from cold.
   It protects you from negative energy.
 Q - the ring "Kiones" {+Inv rC+ rN+}
   (You found it on level 3 of the Crypt)

   [ring of positive energy]

   It protects you from cold.
   It protects you from negative energy.
   It lets you turn invisible.
 R - the ring of Balance (right hand) {Wiz *Contam rF+ MR+ Int+5}
   (You found it in a labyrinth)

   [ring of wizardry]

   It improves your spell success rate.
   It affects your intelligence (+5).
   It protects you from fire.
   It affects your resistance to hostile enchantments.
   It causes magical contamination when unequipped.
 U - the ring of Nuahoj {rElec rPois rN+ Dex+3}
   (You found it on level 3 of the Crypt)

   [ring of positive energy]

   It affects your dexterity (+3).
   It insulates you from electricity.
   It protects you from poison.
   It protects you from negative energy.
 V - the ring "Zeloudum" {Ice +Blink Str-5 Slay+3}
   (You took it off a deep elf sorcerer on level 3 of the Elven Halls)

   [ring of ice]

   It enhances your ice magic.
   It affects your strength (-5).
   It affects your accuracy and damage with ranged weapons and melee attacks
   (+3).
   It makes you vulnerable to fire.
   It protects you from cold.
   It lets you blink.
Wands
 b - a wand of iceblast (53)
 r - a wand of scattershot (15)
 t - a wand of flame (155)
 C - a wand of digging (26)
 K - a wand of acid (24)
 P - a wand of clouds (18)
 S - a wand of enslavement (35)
 T - a wand of disintegration (9)
 Z - a wand of paralysis (63)
Scrolls
 a - 5 scrolls of summoning
 j - a scroll of enchant weapon
 n - 20 scrolls of teleportation
 o - 4 scrolls of identify
 u - 7 scrolls of holy word
 F - 3 scrolls of silence
 H - 6 scrolls of fear
 J - 30 scrolls of remove curse
 M - 6 scrolls of blinking
 Y - 6 scrolls of magic mapping
Potions
 g - 6 potions of cancellation
 h - 2 potions of mutation
 l - a potion of flight
 m - 6 potions of resistance
 s - 7 potions of might
 y - 7 potions of haste
 A - 7 potions of agility
 E - 5 potions of brilliance
 L - 20 potions of curing
Miscellaneous
 d - a phial of floods
 k - a box of beasts
 z - 4 sacks of spiders
 W - 3 phantom mirrors
Comestibles
 c - 71 rations
 D - a chunk of flesh


   Skills:
 + Level 23.0 Fighting
 + Level 23.9 Axes
 + Level 19.5 Bows
 + Level 22.7 Armour
 + Level 21.3 Dodging
 + Level 14.5 Stealth
 + Level 9.3 Shields
 + Level 14.4 Evocations


You had 26 spell levels left.
You didn't know any spells.

Dungeon Overview and Level Annotations

Branches:
Dungeon (15/15)            Temple (1/1) D:7            Lair (6/6) D:8
 Shoals (4/4) Lair:4       Spider (4/4) Lair:3        Slime (5/5) Lair:5
    Orc (2/2) D:9             Elf (3/3) Orc:2        Vaults (4/5) D:14
  Crypt (3/3) Vaults:2       Tomb (1/3) Crypt:3      Depths (5/5) D:15
    Zot (4/5) Depths:5

Altars:
Ashenzari
Cheibriados
Dithmenos
Elyvilon
Fedhas
Gozag
Hepliaklqana
Kikubaaqudgha
Makhleb
Nemelex Xobeh
Okawaru
Qazlal
Ru
Sif Muna
Trog
Uskayaw
Vehumet
Wu Jian
Xom
Yredelemnul
Zin
The Shining One
Beogh

Shops:
D:5 !(*   D:9 *   D:10 ?   D:11 [   D:13 :(?(!   Orc:2 [:%[   Elf:1 [   Elf:2 }
Vaults:1 %   Vaults:2 =   Vaults:3 %   Vaults:4 *

Portals:
Hell: Depths:1 Depths:2 Depths:3 Depths:4 Depths:5
Abyss: Depths:4 Depths:5
Pandemonium: Depths:3
Ziggurat: Depths:1


Innate Abilities, Weirdness & Mutations

You reflexively headbutt those who attack you in melee.
You have a pair of horns on your head.
You are somewhat resistant to further mutation.
You are weak. (Str -2)


Message History

* * * LOW HITPOINT WARNING * * *
Something closely misses you.
You hear some strange, mumbled words.
A bolt of cold appears from out of thin air!
The bolt of cold hits you! You resist.
* * * LOW HITPOINT WARNING * * *
You see here a book of Air.
You block something's attack.
You hear some strange, mumbled words.
A bolt of cold appears from out of thin air!
The bolt of cold hits something.
Reactivating autopickup.
You feel a bit more experienced.
Deactivating autopickup; reactivate with Ctrl-A.
The bolt of cold hits you! You resist.
* * * LOW HITPOINT WARNING * * *
You hear some strange, mumbled words.
A shard of ice appears from out of thin air!
The shard of ice hits you! You partially resist.
You die...

## ## ### #...#
#.#### ##.###
#....####....## ###
#.........##@.####..#
#.##.....####.......#
#.##^...## #.......##
###.###...#
##)......# ###...#
##.## #.))....##
......# #.#
##†.##....
......####.#
#.).#....
####...##..#
##........ ###.#...##
#.......##


There were no monsters in sight!

Vanquished Creatures
  Dissolution (Slime:2)
  the Royal Jelly (Slime:5)
  3 ancient liches
  Boris (Depths:5)
  Sojobo (Depths:4)
  Frederick (Depths:5)
  2 curse toes (Zot:4)
  A Killer Klown (Zot:2)
  Saint Roka (Vaults:1)
  5 caustic shrikes (Depths:4)
  8 golden dragons
  A bone dragon (Crypt:3)
  Nikola (Vaults:1)
  Jorgrun (Shoals:2)
  4 electric golems
  11 liches
  The ghost of NorthaanB the Warrior, an adept KoWn of Ru (Shoals:4)
  8 tentacled monstrosities
  6 quicksilver dragons
  The ghost of Lanoc the Bludgeoner, an adept TrBe of Trog (Shoals:4)
  2 titans
  41 acid blobs
  2 deep elf master archers (Elf:3)
  10 sphinxes
  An ancient champion (Crypt:2)
  2 deep elf blademasters (Elf:3)
  8 death cobs
  Gastronok (D:11)
  Polyphemus (Shoals:4)
  6 tengu reavers
  Agnes (Spider:4)
  A revenant (Crypt:2)
  12 shadow dragons
  17 storm dragons
  Ilsuiw (Shoals:4)
  A draconian monk (Zot:2)
  13 azure jellies
  2 draconian knights
  An orc warlord (Vaults:3)
  3 deep elf sorcerers (Elf:3)
  5 fire giants
  5 draconian scorchers (Zot:4)
  3 iron dragons
  A curse skull (Crypt:2)
  Louise (Spider:4)
  9 frost giants
  4 ghost moths
  5 emperor scorpions
  6 vault wardens
  2 ghouls (Crypt:1)
  3 cacodemons (Crypt:2)
  9 ironheart preservers
  4 deep elf elementalists
  3 draconian shifters
  3 draconian stormcallers
  A very ugly thing (Depths:4)
  4 draconian annihilators
  A reaper (Crypt:2)
  3 spriggan defenders
  4 war gargoyles (Crypt:3)
  11 stone giants
  The ghost of mortelune the Impaler, a journeyman MfSk of the Shining One (Orc:1)
  4 entropy weavers
  7 vampire knights
  4 black draconians
  8 green draconians
  A juggernaut skeleton (Crypt:1)
  8 deep elf demonologists
  11 deep elf annihilators
  11 yellow draconians
  8 purple draconians
  8 white draconians
  9 spark wasps
  6 red draconians
  12 deep elf death magi
  10 fire dragons
  7 ettins
  7 merfolk javelineers
  A minotaur (Lab)
  3 eidola
  12 death oozes
  14 jiangshi
  3 deep elf high priests
  3 crystal guardians (Crypt:3)
  13 yaktaur captains
  3 rakshasas
  14 ice dragons
  16 merfolk impalers
  Fannar (Orc:1)
  2 vault guards (Vaults:4)
  2 catoblepae
  9 centaur warriors
  8 hydras
  6 spriggan air magi
  16 great orbs of eyes
  A quicksilver dragon skeleton (Crypt:1)
  An alligator snapping turtle (Shoals:4)
  28 dancing weapons
  3 merfolk avatars
  2 death knights
  49 two-headed ogres
  13 vampire magi
  A death yak (shapeshifter) (Depths:5)
  3 merfolk aquamancers
  15 ogre magi
  3 satyrs
  4 death yaks (Shoals:4)
  4 deep troll shamans
  4 death scarabs (Tomb:1)
  4 orc high priests
  5 tengu warriors
  Urug (D:15)
  2 titan zombies (Crypt:3)
  6 spriggan berserkers
  4 deep troll earth magi
  Nergalle (Lair:4)
  15 deep elf knights
  A soul eater (Crypt:2)
  3 iron trolls
  2 storm dragon zombies
  2 shadow wraiths
  A ghost moth zombie (Crypt:1)
  18 hell knights
  An entropy weaver zombie (Crypt:2)
  10 deep elf archers
  23 deep trolls
  5 wizards
  2 unseen horrors
  3 glowing orange brains
  27 skeletal warriors
  3 flayed ghosts
  A storm dragon skeleton (Crypt:1)
  3 swamp dragons (Lair:2)
  7 sea snakes
  2 lindwurms (Lair:6)
  An anaconda zombie (Crypt:1)
  2 kraken simulacra (Shoals:4)
  4 phantasmal warriors
  2 shadow dragon zombies
  3 wolf spider zombies
  16 orb spiders
  16 orc knights
  13 ironbrand convokers
  15 necromancers
  A shadow dragon skeleton (Crypt:2)
  7 orc sorcerers
  27 harpies
  31 wolf spiders
  2 fauns (shapeshifter) (Depths:3)
  57 deep elf magi
  2 sphinx zombies (Crypt:2)
  A fire giant zombie (Crypt:1)
  An iron dragon skeleton (Crypt:2)
  25 moths of wrath
  2 tengu skeletons (Vaults:3)
  2 orb spiders (shapeshifter)
  2 elephants (shapeshifter)
  5 shining eyes
  49 ugly things
  25 fauns
  A manticore (shapeshifter) (Depths:1)
  A stone giant zombie (Crypt:2)
  8 manticores
  A frost giant zombie (Crypt:1)
  3 frost giant skeletons
  13 elephants
  10 cyclopes
  9 vault sentinels
  10 merfolk sirens
  2 centaur zombies
  4 naga magi
  5 black mambas
  Psyche (D:10)
  An orange demon (Zot:1)
  A stone giant skeleton (Crypt:3)
  A shock serpent skeleton (Tomb:1)
  2 ice statues (IceCv)
  A black mamba (shapeshifter) (Vaults:1)
  A guardian serpent (shapeshifter) (Depths:4)
  Joseph (D:10)
  An eye of devastation (Slime:3)
  A storm dragon simulacrum (Crypt:2)
  10 water nymphs
  15 torpor snails
  14 spiny frogs
  2 hellions (Zot:3)
  3 rime drakes
  69 yaktaurs
  2 human zombies
  2 kobold demonologists
  3 komodo dragons
  A yaktaur (shapeshifter) (Depths:3)
  An emperor scorpion zombie (Crypt:1)
  18 demonic crawlers
  An efreet (Zot:3)
  4 freezing wraiths
  2 guardian mummies (Tomb:1)
  5 tengu conjurers
  A queen bee (shapeshifter) (Depths:3)
  A human skeleton (Vaults:3)
  56 jumping spiders
  27 merfolk
  9 trolls
  A wolf spider simulacrum (D:14)
  7 wind drakes
  9 polar bears (Lair:6)
  3 tyrant leeches (Lair:6)
  2 hydra skeletons (Crypt:3)
  24 blink frogs
  24 hornets
  A bog body (Crypt:1)
  10 hippogriffs
  5 snapping turtles
  141 slime creatures
  8 dream sheep
  A hippogriff (shapeshifter) (Vaults:2)
  A meliai zombie (D:15)
  A stone giant simulacrum (Vaults:2)
  An ice dragon zombie (Crypt:2)
  2 raiju (Lair:6)
  8 spriggans
  A centaur simulacrum (D:12)
  36 flying skulls
  2 ettin skeletons
  Sigmund (D:2)
  An alligator skeleton (Crypt:2)
  33 tarantellas
  117 redbacks
  5 shadows
  3 wraiths
  A spriggan (shapeshifter) (Depths:5)
  21 water elementals
  7 air elementals
  2 wyverns
  3 basilisks
  A fire dragon skeleton (Crypt:1)
  A vampire (D:10)
  An ice dragon skeleton (Crypt:2)
  52 yaks
  3 basilisks (shapeshifter)
  A wyvern (shapeshifter) (Depths:3)
  A ynoxinul (Zot:1)
  3 fire elementals
  Grum (Lair:1)
  2 hogs (shapeshifter)
  2 humans (shapeshifter)
  7 golden eyes
  A human simulacrum (Vaults:1)
  2 hungry ghosts (D:15)
  7 vampire mosquitoes
  An emperor scorpion simulacrum (Crypt:2)
  9 wargs
  A swamp worm (shapeshifter) (Depths:3)
  An acid dragon (Vaults:2)
  15 hell hounds (Lair:6)
  11 water moccasins
  The ghost of brew9 the Sneak, an amateur SpEn (D:3)
  A floating eye (shapeshifter) (Vaults:4)
  9 porcupines
  45 orc warriors
  A two-headed ogre skeleton (Crypt:1)
  2 spiny frog skeletons (Crypt:1)
  21 ice beasts
  A black bear (shapeshifter) (Depths:4)
  7 eyes of draining
  47 ogres
  A swamp dragon zombie (Crypt:3)
  3 sky beasts
  An ettin simulacrum (Crypt:2)
  14 black bears
  A dream sheep skeleton (Crypt:1)
  A manticore skeleton (Crypt:3)
  A blink frog zombie (Crypt:1)
  A tengu (shapeshifter) (Depths:3)
  2 phantoms (D:14)
  5 necrophages
  13 boggarts
  16 wolves
  17 crocodiles
  A snapping turtle skeleton (Crypt:1)
  20 centaurs
  A big kobold (shapeshifter) (Depths:4)
  3 big kobolds
  21 bullfrogs
  An ogre simulacrum (Vaults:1)
  6 scorpions
  10 killer bees
  A troll zombie (Crypt:2)
  A snapping turtle simulacrum (Crypt:1)
  22 wights
  4 electric eels
  6 howler monkeys
  8 crimson imps
  A bullfrog zombie (D:12)
  33 orc priests
  2 quasits
  An elf simulacrum (Crypt:2)
  6 hounds
  4 jellies
  40 orc wizards
  Crazy Yiuf (D:6)
  4 bullfrog skeletons
  3 centaur skeletons
  Terence (D:2)
  10 iguanas
  A basilisk skeleton (Crypt:2)
  7 worker ants
  2 crocodile zombies
  A hound zombie (D:5)
  A naga skeleton (Crypt:3)
  3 hound skeletons
  A mummy (Tomb:1)
  12 adders
  2 shadow imps (D:5)
  A white imp (Vaults:2)
  3 oozes
  2 adder zombies (D:8)
  3 worms
  2 dart slugs
  5 leopard geckos
  120 orcs
  13 bats
  3 giant cockroaches
  5 goblins
  10 hobgoblins
  6 jackals
  5 quokkas
  A dart slug zombie (Crypt:2)
  7 frilled lizards
  18 kobolds
  A leopard gecko zombie (D:5)
  2 quokka skeletons (D:4)
  A quokka zombie (D:6)
  7 rats
  A bush (Lair:5)
  6 crawling corpses
  6 fungi
  48 plants
2771 creatures vanquished.

Vanquished Creatures (collateral kills)
  An acid blob (Slime:5)
  Sonja (Lair:2)
  An orb spider (Spider:4)
  A moth of wrath (Zot:1)
  2 dream sheep (Shoals:4)
6 creatures vanquished.

Vanquished Creatures (others)
  A draconian knight (Zot:4)
  2 ghost moths (Zot:4)
  A draconian shifter (Depths:5)
  A deep elf death mage (Elf:3)
  A deep troll earth mage (Vaults:1)
  2 shadow wraiths (Crypt:2)
  A deep troll (Depths:2)
  A yaktaur (Vaults:1)
  A shadow (Crypt:2)
  An ogre (Depths:1)
  2 centaurs (Vaults:1)
  A big kobold (D:14)
  An orc (Orc:2)
  13 fungi
  38 plants
  4 tentacles (Shoals:4)
71 creatures vanquished.

Grand Total: 2848 creatures vanquished

Notes
Turn   | Place    | Note
-------+----------+-------------------------------------------
     0 | D:1      | Lanoc the Minotaur Monk began the quest for the Orb.
     0 | D:1      | Reached XP level 1. HP: 19/19 MP: 0/0
   136 | D:1      | Reached XP level 2. HP: 17/27 MP: 1/1
   244 | D:1      | Reached skill level 1 in Armour
   589 | D:1      | Reached XP level 3. HP: 33/33 MP: 2/2
   795 | D:2      | Noticed Terence
  1093 | D:2      | Killed Terence
  1093 | D:2      | Reached XP level 4. HP: 18/40 MP: 3/3
  1327 | D:2      | Found a bloodstained altar of Trog.
  1332 | D:2      | Became a worshipper of Trog the Wrathful
  1332 | D:2      | Reached * piety under Trog
  1332 | D:2      | Reached ** piety under Trog
  1507 | D:2      | Noticed Sigmund
  1516 | D:2      | Killed Sigmund
  1516 | D:2      | Reached skill level 5 in Axes
  1516 | D:2      | Reached XP level 5. HP: 44/47 MP: 4/4
  1523 | D:2      | Found a deep blue altar of Sif Muna.
  1601 | D:2      | You fall through a shaft!
  1633 | D:3      | Found a burning altar of Makhleb.
  1689 | D:3      | Reached XP level 6. HP: 40/55 MP: 5/5
  1707 | D:3      | Found a hide-covered altar of Uskayaw.
  1797 | D:3      | Noticed brew9's ghost (amateur SpEn)
  1808 | D:3      | Killed brew9's ghost
  1808 | D:3      | Reached skill level 5 in Fighting
  2389 | D:4      | Reached XP level 7. HP: 57/61 MP: 6/6
  2518 | D:4      | Reached *** piety under Trog
  2541 | D:4      | Reached skill level 5 in Dodging
  2544 | D:4      | Found a blossoming altar of Fedhas.
  2545 | D:4      | Found a stormy altar of Qazlal.
  2753 | D:4      | Found a shimmering altar of Xom.
  2756 | D:4      | Found a hazy altar of Hepliaklqana.
  2813 | D:4      | Found a shimmering altar of Xom.
  2813 | D:4      | Found a shimmering altar of Xom.
  2813 | D:4      | Found a shimmering altar of Xom.
  2815 | D:4      | Found a shimmering altar of Xom.
  2815 | D:4      | Found a shimmering altar of Xom.
  3067 | D:5      | Entered Level 5 of the Dungeon
  3067 | D:5      | Found Mupep's General Store.
  3119 | D:5      | Found an iron altar of Okawaru.
  3231 | D:5      | Reached **** piety under Trog
  3333 | D:5      | Found Ydwy's Distillery.
  3353 | D:5      | Reached XP level 8. HP: 57/70 MP: 7/7
  3482 | D:5      | Found a sparkling altar of Nemelex Xobeh.
  3630 | D:5      | Found Jeycisupn's Antique Weapon Emporium.
  3705 | D:5      | Reached skill level 5 in Armour
  4012 | D:6      | Found a deep blue altar of Sif Muna.
  4037 | D:6      | Found a runed door.
  4128 | D:6      | Reached XP level 9. HP: 79/79 MP: 8/8
  4189 | D:6      | Reached skill level 10 in Axes
  4564 | D:6      | Noticed Crazy Yiuf
  4569 | D:6      | Killed Crazy Yiuf
  4778 | D:7      | Got a dazzling chain mail
  4789 | D:7      | Identified the +4 chain mail "Alirphudu" {Slay+4} (You found it on level 7 of the Dungeon)
  5061 | D:7      | Found a staircase to the Ecumenical Temple.
  5694 | Temple   | Entered the Ecumenical Temple
  6093 | D:8      | Found a snail-covered altar of Cheibriados.
  6271 | D:8      | Found a staircase to the Lair.
  6282 | D:8      | Reached XP level 10. HP: 77/90 MP: 7/9
  6499 | D:9      | Found Dacut's Demolitions Depot.
  6512 | D:9      | Reached ***** piety under Trog
  6589 | D:9      | Found a glowing silver altar of Zin.
  6615 | D:9      | Found a basalt altar of Yredelemnul.
  6976 | D:9      | Found a staircase to the Orcish Mines.
  7009 | D:9      | Noticed a two-headed ogre
  7013 | D:9      | Killed a two-headed ogre
  7301 | D:10     | Entered Level 10 of the Dungeon
  7401 | D:10     | Received a gift from Trog
  7436 | D:10     | Noticed a tengu warrior
  7449 | D:10     | Killed a tengu warrior
  7775 | D:10     | Reached skill level 1 in Shields
  8111 | D:10     | Noticed Joseph
  8124 | D:10     | Killed Joseph
  8277 | D:10     | Noticed Psyche
  8283 | D:10     | Killed Psyche
  8283 | D:10     | Reached XP level 11. HP: 99/99 MP: 10/10
  8496 | D:10     | Reached skill level 10 in Fighting
  8530 | D:10     | Found Ynleq's Magic Scroll Boutique.
  8574 | D:10     | Found a transporter.
  8582 | D:10     | Noticed a two-headed ogre
  8582 | D:10     | Found a roughly hewn altar of Beogh.
  8583 | D:10     | Noticed an orc high priest
  8589 | D:10     | Killed a two-headed ogre
  8596 | D:10     | Killed an orc high priest
  8653 | D:10     | Found a transporter.
  9033 | D:11     | Found a labyrinth entrance.
  9042 | Lab      | Entered a labyrinth
  9260 | Lab      | Noticed a minotaur
  9267 | Lab      | Killed a minotaur
  9278 | Lab      | Identified the Disquisition on the Snowflakes and Attacks
  9279 | Lab      | Got an ancient marble ring
  9280 | Lab      | Got a slimy great mace
  9320 | Lab      | Identified the +9 great mace "Totath" {freeze, rElec} (You found it in a labyrinth)
  9330 | Lab      | Identified the ring of Balance {Wiz *Contam rF+ MR+ Int+5} (You found it in a labyrinth)
  9641 | D:11     | Received a gift from Trog
  9820 | D:11     | Noticed an unseen horror
  9821 | D:11     | Killed an unseen horror
  9829 | D:11     | Noticed a red ugly thing
  9837 | D:11     | Killed a red ugly thing
  9837 | D:11     | Reached skill level 10 in Armour
  9909 | D:11     | Noticed Gastronok
  9922 | D:11     | Killed Gastronok
  9922 | D:11     | Reached skill level 5 in Shields
  9922 | D:11     | Reached XP level 12. HP: 108/108 MP: 8/11
  9964 | D:11     | Found Gamissyc's Armour Boutique.
  9995 | D:11     | Reached skill level 10 in Dodging
 10329 | D:12     | Noticed a two-headed ogre
 10336 | D:12     | Killed a two-headed ogre
 10488 | D:12     | Reached skill level 15 in Axes
 10583 | D:12     | Found a frozen archway.
 10595 | IceCv    | Entered an ice cave
 10725 | IceCv    | Received a gift from Trog
 11002 | IceCv    | Noticed an ice dragon
 11003 | IceCv    | Noticed an ice dragon
 11013 | IceCv    | Killed an ice dragon
 11014 | IceCv    | Killed an ice dragon
 12027 | D:13     | Noticed a two-headed ogre
 12035 | D:13     | Killed a two-headed ogre
 12043 | D:13     | Got a twisted large shield
 12078 | D:13     | Identified the +0 large shield of Death Resistance {Str+2 Stlth+} (You found it on level 13 of the Dungeon)
 12124 | D:13     | Found Lodept's Magic Scroll Boutique.
 12128 | D:13     | Reached XP level 13. HP: 118/118 MP: 12/12
 12194 | D:13     | Found Dod Tujiena's Antique Weapon Emporium.
 12239 | D:13     | Found Xuath's Book Shop.
 12407 | D:13     | Found Wofux's Antique Weapon Boutique.
 12590 | D:13     | Found Niesyhit's Distillery.
 13007 | D:14     | Received a gift from Trog
 13628 | D:14     | Found a gate to the Vaults.
 13856 | D:15     | Entered Level 15 of the Dungeon
 13903 | D:15     | Found a stormy altar of Qazlal.
 14046 | D:15     | Reached XP level 14. HP: 129/129 MP: 13/13
 14156 | D:15     | Noticed Urug
 14170 | D:15     | Killed Urug
 14487 | D:15     | Reached ****** piety under Trog
 14710 | D:15     | Found a staircase to the Depths.
 14716 | D:15     | Received a gift from Trog
 14725 | D:15     | Got a crystal battleaxe {god gift}
 14754 | D:15     | Identified the +4 battleaxe "Ymmisk" {speed, +Rage Str+6} (Trog gifted it to you on level 15 of the Dungeon)
 15416 | Lair:1   | Entered Level 1 of the Lair of Beasts
 15690 | Lair:1   | Noticed Grum
 15700 | Lair:1   | Killed Grum
 15713 | Lair:1   | Found a glowing golden altar of the Shining One.
 15848 | Lair:1   | You fall through a shaft!
 15848 | Lair:2   | Found a transporter.
 15892 | Lair:2   | Found a transporter.
 15922 | Lair:2   | Noticed Sonja
 15937 | Lair:2   | Killed Sonja
 16870 | Lair:3   | Found a hole to the Spider Nest.
 16936 | Lair:3   | Received a gift from Trog
 16937 | Lair:3   | Reached skill level 1 in Bows
 16945 | Lair:3   | Got an ancient longbow {god gift}
 16946 | Lair:3   | Identified the +9 longbow of Nigeg {venom, Str+3 Int+4 SInv} (Trog gifted it to you on level 3 of the Lair of Beasts)
 17591 | Lair:4   | Noticed Nergalle
 17601 | Lair:4   | Killed Nergalle
 17629 | Lair:4   | Reached XP level 15. HP: 137/138 MP: 12/14
 17654 | Lair:4   | Got a steaming dagger
 17655 | Lair:4   | Identified the +4 dagger of Triumph {holy, Dex+6} (You found it on level 4 of the Lair of Beasts)
 17674 | Lair:4   | Got a dazzling scale mail
 17685 | Lair:4   | Identified the cursed +1 scale mail "Taifauwn" {rPois} (You found it on level 4 of the Lair of Beasts)
 17736 | Lair:4   | Found a staircase to the Shoals.
 18558 | Lair:5   | Found a staircase to the Slime Pits.
 19453 | Lair:6   | Entered Level 6 of the Lair of Beasts
 19605 | Lair:6   | Received a gift from Trog
 19754 | Lair:6   | Found the +7 Kryia's mail coat {PotionHeal*2 rC+}
 20247 | Lair:6   | Reached skill level 5 in Bows
 20465 | Lair:6   | Found a runed door.
 20573 | Lair:6   | Reached skill level 15 in Fighting
 21009 | Lair:6   | Received a gift from Trog
 21151 | Spider:1 | Entered Level 1 of the Spider Nest
 21222 | Spider:1 | Reached XP level 16. HP: 112/149 MP: 12/15
 21316 | Spider:1 | HP: 5/149 [redback (7)]
 22101 | Spider:1 | Received a gift from Trog
 22656 | Spider:2 | Reached skill level 15 in Armour
 24101 | Spider:2 | Identified a scroll of acquirement
 24106 | Spider:2 | Got a pair of heavily runed boots
 24117 | Spider:2 | Identified the +2 pair of boots of Oghoq {rCorr Dex+2} (You acquired it on level 2 of the Spider Nest)
 24167 | Spider:3 | Received a gift from Trog
 25004 | Spider:3 | Received a gift from Trog
 25004 | Spider:3 | Reached XP level 17. HP: 158/158 MP: 11/16
 25271 | Spider:4 | Entered Level 4 of the Spider Nest
 25271 | Spider:4 | Noticed Louise
 25278 | Spider:4 | Noticed Agnes
 25281 | Spider:4 | Killed Louise
 25281 | Spider:4 | Reached skill level 10 in Bows
 25295 | Spider:4 | Killed Agnes
 25377 | Spider:4 | Reached skill level 15 in Dodging
 26476 | Spider:4 | Received a gift from Trog
 26961 | Spider:4 | Got a gossamer rune of Zot
 27359 | D:8      | Got a dazzling flail
 27360 | D:8      | Identified the +2 flail of Gudomn {vamp, rF- rC+ rN+ Dex+3} (You found it on level 8 of the Dungeon)
 28329 | Vaults:1 | Entered Level 1 of the Vaults
 28329 | Vaults:1 | Found Gaidiusi's Food Boutique.
 28445 | Vaults:1 | Reached skill level 1 in Evocations
 28489 | Vaults:1 | Noticed Nikola
 28519 | Vaults:1 | Killed Nikola
 28637 | Vaults:1 | Received a gift from Trog
 29065 | Vaults:1 | Got a slimy chain mail
 29076 | Vaults:1 | Identified the +0 chain mail of the Peasants {rF- MR+ Str+5 SInv} (You acquired it on level 1 of the Vaults)
 29121 | Vaults:1 | Reached XP level 18. HP: 168/168 MP: 16/18
 29281 | Vaults:1 | Received a gift from Trog
 29858 | Vaults:1 | Noticed Saint Roka
 29874 | Vaults:1 | Killed Saint Roka
 30084 | Vaults:2 | Found a staircase to the Crypt.
 30085 | Vaults:2 | Found Itauxyowou's Jewellery Emporium.
 30622 | Vaults:2 | Received a gift from Trog
 30631 | Vaults:2 | Got a jewelled broad axe {god gift}
 30632 | Vaults:2 | Identified the +11 broad axe "Glorpo" {chop, MR+ Int+6} (Trog gifted it to you on level 2 of the Vaults)
 31447 | Vaults:3 | Reached skill level 5 in Stealth
 31515 | Vaults:3 | Received a gift from Trog
 32069 | Vaults:3 | Found a roughly hewn altar of Beogh.
 32087 | Vaults:3 | Reached skill level 5 in Evocations
 32223 | Vaults:3 | Found Lueqeuxt's Food Boutique.
 32274 | Vaults:3 | Received a gift from Trog
 32274 | Vaults:3 | Reached XP level 19. HP: 126/178 MP: 15/21
 32421 | Vaults:4 | Received a gift from Trog
 32716 | Vaults:4 | Received a gift from Trog
 33299 | Vaults:4 | Found a radiant altar of Vehumet.
 33299 | Vaults:4 | Noticed a lich
 33306 | Vaults:4 | Killed a lich
 33306 | Vaults:4 | Received a gift from Trog
 33353 | Vaults:4 | Got an ichor-stained hat
 33364 | Vaults:4 | Identified the +0 hat of Jogoedwoki {rC- rN+++ Str+5} (You found it on level 4 of the Vaults)
 33369 | Vaults:4 | Got a heavy robe
 33380 | Vaults:4 | Identified the +0 robe of Tempters {Str+5} (You found it on level 4 of the Vaults)
 33421 | Vaults:4 | Found the +3 crown of Dyrovepreva {rElec Int+2 SInv}
 33466 | Vaults:4 | Found Geptus's Assorted Antiques.
 34266 | Slime:1  | Entered Level 1 of the Pits of Slime
 34460 | Slime:2  | Noticed Dissolution
 34474 | Slime:2  | Killed Dissolution
 34634 | Slime:2  | You fall through a shaft!
 34636 | Slime:3  | Gained mutation: You are dopey. (Int -2) [a shining eye]
 34644 | Slime:3  | Reached XP level 20. HP: 189/189 MP: 24/24
 34656 | Slime:3  | Received a gift from Trog
 35491 | Slime:5  | Entered Level 5 of the Pits of Slime
 35493 | Slime:5  | Gained mutation: You tend to lose your temper in combat. [a shining eye]
 35496 | Slime:5  | Gained mutation: You have a pair of large horns on your head. [a shining eye]
 35500 | Slime:5  | Lost mutation: You tend to lose your temper in combat. [potion of mutation]
 35500 | Slime:5  | Lost mutation: You have a pair of large horns on your head. [potion of mutation]
 35500 | Slime:5  | Lost mutation: You are dopey. (Int -2) [potion of mutation]
 35500 | Slime:5  | Gained mutation: You are partially covered in icy blue scales. (AC +2) [potion of mutation]
 35500 | Slime:5  | Gained mutation: You have a pair of large horns on your head. [potion of mutation]
 35500 | Slime:5  | Gained mutation: You have sharp toenails. [potion of mutation]
 35500 | Slime:5  | Gained mutation: Your system is resistant to poisons. (rPois) [potion of mutation]
 35700 | Slime:4  | HP: 8/189 [acid (4)]
 35701 | Slime:4  | HP: 3/189 [acid (6)]
 35894 | Slime:5  | Noticed the Royal Jelly
 35982 | Slime:5  | Gained mutation: You are weak. (Str -2) [a shining eye]
 36632 | Slime:5  | Gained mutation: Scrolls take you a little longer to read. [a shining eye]
 36634 | Slime:5  | Gained mutation: Scrolls take you longer to read. [a shining eye]
 37166 | Depths:1 | Entered Level 1 of the Depths
 37187 | Depths:1 | Received a gift from Trog
 37341 | Depths:1 | Found a gateway to a ziggurat.
 37591 | Depths:1 | Received a gift from Trog
 38003 | Depths:1 | Found a gateway to Hell.
 38073 | Depths:3 | Received a gift from Trog
 38651 | Depths:3 | Received a gift from Trog
 38691 | Depths:3 | Reached skill level 15 in Bows
 38691 | Depths:3 | Reached XP level 21. HP: 152/197 MP: 12/26
 38782 | Depths:3 | Got a slimy chain mail
 38793 | Depths:3 | Identified the +1 chain mail "Dunuareg" {Str+2 Slay+5 Stlth-} (You found it on level 3 of the Depths)
 38940 | Depths:3 | Identified the Grimoire of Feathery Envenoming
 39214 | Depths:3 | Found a one-way gate leading to the halls of Pandemonium.
 39248 | Depths:3 | Identified the cursed +0 morningstar of Distant Shores {freeze, rElec MP+9} (You found it on level 3 of the Depths)
 39496 | Depths:4 | Found a one-way gate to the infinite horrors of the Abyss.
 39951 | Crypt:1  | Entered Level 1 of the Crypt
 39982 | Crypt:1  | Received a gift from Trog
 40429 | Shoals:1 | Entered Level 1 of the Shoals
 40492 | Shoals:1 | Received a gift from Trog
 40794 | Shoals:1 | Received a gift from Trog
 41382 | Shoals:2 | Noticed Jorgrun
 41394 | Shoals:2 | Killed Jorgrun
 41497 | Shoals:2 | Received a gift from Trog
 42479 | Shoals:3 | Received a gift from Trog
 42642 | Shoals:3 | Received a gift from Trog
 42765 | Shoals:4 | Entered Level 4 of the Shoals
 42811 | Shoals:4 | Noticed Lanoc's ghost (adept TrBe)
 42831 | Shoals:4 | Killed Lanoc's ghost
 42910 | Shoals:4 | Noticed NorthaanB's ghost (adept KoWn)
 42933 | Shoals:4 | Killed NorthaanB's ghost
 42996 | Shoals:4 | Identified Awkunui's Grimoire of Wondrous Power
 43080 | Shoals:4 | Received a gift from Trog
 43200 | Shoals:4 | Got a barnacled rune of Zot
 43263 | Shoals:4 | Noticed Polyphemus
 43271 | Shoals:4 | Killed Polyphemus
 43386 | Shoals:4 | Noticed Ilsuiw
 43461 | Shoals:4 | Killed Ilsuiw
 43461 | Shoals:4 | Reached XP level 22. HP: 91/207 MP: 28/28
 43470 | Shoals:4 | Reached skill level 10 in Stealth
 43872 | Shoals:4 | Got a bound glass ring
 43874 | Shoals:4 | Identified the ring "Dusk" {rC+ MR+ Stlth+} (You found it on level 4 of the Shoals)
 44108 | Shoals:4 | Received a gift from Trog
 44532 | Orc:1    | Entered Level 1 of the Orcish Mines
 44740 | Orc:2    | Entered Level 2 of the Orcish Mines
 45124 | Orc:2    | Found Efruhoip's Armour Boutique.
 45124 | Orc:2    | Found Vuqagg's Food Shop.
 45136 | Orc:2    | Reached skill level 10 in Evocations
 45140 | Orc:2    | Found Pogaudiu's Antique Armour Shop.
 45159 | Orc:2    | Found Kamn's Book Boutique.
 45334 | Orc:2    | Found a staircase to the Elven Halls.
 45425 | Orc:1    | Noticed mortelune's ghost (journeyman MfSk)
 45464 | Orc:1    | Killed mortelune's ghost
 45614 | Orc:2    | Bought the +2 pair of gloves of Brilliance {Str+5} for 480 gold pieces
 45621 | Orc:2    | Bought a jewelled ring mail for 288 gold pieces
 45621 | Orc:2    | Bought a warped shield for 304 gold pieces
 45624 | Orc:2    | Identified the +4 ring mail "Dyewkas" {*Corrode rElec Regen+ Stlth+} (You bought it in a shop on level 2 of the Orcish Mines)
 45630 | Orc:2    | Identified the +3 shield of Defence {-Tele MR+++ Str+2 Stlth+} (You bought it in a shop on level 2 of the Orcish Mines)
 45666 | Orc:1    | Noticed Fannar
 45678 | Orc:1    | Killed Fannar
 45749 | Elf:1    | Entered Level 1 of the Elven Halls
 45755 | Elf:1    | Received a gift from Trog
 46084 | Elf:1    | Found Qobiuh's Armour Shoppe.
 46148 | Elf:1    | Received a gift from Trog
 46152 | Elf:1    | Got a pitted battleaxe {god gift}
 46156 | Elf:1    | Identified the +12 battleaxe "Roif Alo" {elec, *Rage rElec MR+ Int+2} (Trog gifted it to you on level 1 of the Elven Halls)
 46204 | Elf:1    | Found an ancient bone altar of Kikubaaqudgha.
 46416 | Elf:2    | Got a twisted chain mail
 46427 | Elf:2    | Identified the +2 chain mail of a labyrinth {rF+ Str+3} (You found it on level 2 of the Elven Halls)
 46568 | Elf:2    | Found Lowkuty's Gadget Shoppe.
 46621 | Elf:2    | Found a huge runed gate.
 46621 | Elf:2    | Found a huge runed gate.
 46621 | Elf:2    | Found a huge runed gate.
 46622 | Elf:2    | Found a huge runed gate.
 46623 | Elf:2    | Found a huge runed gate.
 47484 | Elf:2    | Received a gift from Trog
 47665 | Elf:3    | Entered Level 3 of the Elven Halls
 48429 | Elf:3    | Received a gift from Trog
 48496 | Elf:3    | Received a gift from Trog
 48700 | Elf:3    | Reached XP level 23. HP: 214/217 MP: 30/30
 48757 | Elf:3    | Got a slimy bone ring
 48877 | Elf:3    | Identified the ring "Zeloudum" {Ice +Blink Str-5 Slay+3} (You took it off a deep elf sorcerer on level 3 of the Elven Halls)
 49058 | Elf:3    | Identified the +3 scimitar of the Philosopher {slice, +Blink rElec rN++ MR-} (You took it off a deep elf annihilator on level 3 of the Elven Halls)
 49103 | Elf:3    | Identified the Tome of Creation
 49113 | Elf:3    | Identified the +1 scale mail of Philately {Dex+4} (You found it on level 3 of the Elven Halls)
 49194 | Elf:3    | Identified the Grimoire of Confrontation and Translocation
 49514 | Elf:3    | Identified the +4 scale mail "Wesiro" {rF+} (You found it on level 3 of the Elven Halls)
 49952 | Depths:1 | Received a gift from Trog
 50388 | Depths:2 | Received a gift from Trog
 50633 | Depths:2 | Received a gift from Trog
 50928 | Depths:4 | Received a gift from Trog
 51406 | Depths:4 | Noticed a caustic shrike
 51406 | Depths:4 | Noticed a caustic shrike
 51407 | Depths:4 | Noticed a caustic shrike
 51410 | Depths:4 | Noticed a caustic shrike
 51411 | Depths:4 | Noticed a caustic shrike
 51422 | Depths:4 | Killed a caustic shrike
 51428 | Depths:4 | Killed a caustic shrike
 51435 | Depths:4 | Killed a caustic shrike
 51441 | Depths:4 | Killed a caustic shrike
 51446 | Depths:4 | Killed a caustic shrike
 51795 | Depths:4 | Identified the cursed +0 large shield "Eptoloj" {Str+3 Dex+4} (You found it on level 4 of the Depths)
 51986 | Depths:4 | Noticed Sojobo
 51998 | Depths:4 | Killed Sojobo
 51998 | Depths:4 | Received a gift from Trog
 52227 | Depths:4 | Reached XP level 24. HP: 212/226 MP: 30/30
 52256 | Depths:4 | Received a gift from Trog
 52308 | Depths:4 | Found a snail-covered altar of Cheibriados.
 52462 | Depths:5 | Entered Level 5 of the Depths
 52462 | Depths:5 | Noticed Boris
 52538 | Depths:4 | Upgraded the game from 0.21-a0-634-gaf8bc5d to 0.21-a0-641-geef9d7f
 52813 | Depths:5 | Noticed Frederick
 52825 | Depths:5 | Killed Frederick
 52968 | Depths:5 | Received a gift from Trog
 53106 | Depths:5 | Found a gate to the Realm of Zot.
 53307 | Depths:5 | Received a gift from Trog
 53679 | Depths:5 | Killed Boris
 54802 | Slime:5  | Killed the Royal Jelly
 55071 | Slime:5  | Identified the ring of the Saviour {rPois rC+ Dex+2} (You found it on level 5 of the Pits of Slime)
 55098 | Slime:5  | Got a slimy rune of Zot
 55111 | Slime:5  | Received a gift from Trog
 55167 | Slime:5  | Got an iridescent hand axe
 55168 | Slime:5  | Identified the cursed +2 hand axe of the Augurer {drain, +Rage rElec Str+3 Int-2} (You found it on level 5 of the Pits of Slime)
 55175 | Slime:5  | Got an encrusted chain mail
 55186 | Slime:5  | Identified the +2 chain mail of Gallantry {rC++} (You found it on level 5 of the Pits of Slime)
 55199 | Slime:5  | Got an encrusted rapier
 55200 | Slime:5  | Identified the +8 rapier "Perchuosmom" {venom, rF+ Str+2 Stlth-} (You found it on level 5 of the Pits of Slime)
 55941 | Zot:1    | Entered Level 1 of the Realm of Zot
 56341 | Zot:1    | Found a transporter.
 56503 | Zot:1    | Found a transporter.
 56542 | Zot:1    | Reached XP level 25. HP: 147/236 MP: 31/31
 56604 | Zot:1    | Gained mutation: You are occasionally teleported next to monsters. [mutagenic glow]
 56631 | Zot:1    | Identified the ring "Sacyte Ygut" {rN++ EV+4} (You found it on level 1 of the Realm of Zot)
 56647 | Zot:1    | Identified the amulet of the Gloaming {+Rage rC- Str+5 Int+2 Dex-5} (You found it on level 1 of the Realm of Zot)
 56679 | Zot:1    | Lost mutation: You are partially covered in icy blue scales. (AC +2) [mutagenic glow]
 56872 | Zot:1    | Lost mutation: You have a pair of large horns on your head. [potion of mutation]
 56872 | Zot:1    | Lost mutation: Your system is resistant to poisons. (rPois) [potion of mutation]
 56872 | Zot:1    | Gained mutation: You are very weak. (Str -4) [potion of mutation]
 56872 | Zot:1    | Lost mutation: Scrolls take you longer to read. [potion of mutation]
 56872 | Zot:1    | Gained mutation: Your flesh is cold resistant. (rC+) [potion of mutation]
 57089 | D:13     | Bought a potion of mutation for 112 gold pieces
 57089 | D:13     | Bought a potion of mutation for 112 gold pieces
 57090 | D:13     | Lost mutation: Scrolls take you a little longer to read. [potion of mutation]
 57090 | D:13     | Lost mutation: You are very weak. (Str -4) [potion of mutation]
 57090 | D:13     | Lost mutation: You have sharp toenails. [potion of mutation]
 57090 | D:13     | Gained mutation: You do not regenerate when monsters are visible. [potion of mutation]
 57090 | D:13     | Gained mutation: You passively map a small area around you. [potion of mutation]
 57091 | D:13     | Lost mutation: You are occasionally teleported next to monsters. [potion of mutation]
 57091 | D:13     | Lost mutation: You passively map a small area around you. [potion of mutation]
 57091 | D:13     | Lost mutation: Your flesh is cold resistant. (rC+) [potion of mutation]
 57091 | D:13     | Gained mutation: You are clumsy. (Dex -2) [potion of mutation]
 57091 | D:13     | Gained mutation: You have sharp toenails. [potion of mutation]
 57294 | Crypt:1  | Received a gift from Trog
 57529 | Crypt:1  | Identified the +5 arbalest of the Lurker {venom, rPois rC+ MP+9 Str+2} (You found it on level 1 of the Crypt)
 57726 | Crypt:1  | Lost mutation: You are weak. (Str -2) [potion of mutation]
 57726 | Crypt:1  | Lost mutation: You are clumsy. (Dex -2) [potion of mutation]
 57726 | Crypt:1  | Lost mutation: You do not regenerate when monsters are visible. [potion of mutation]
 57726 | Crypt:1  | Lost mutation: You have sharp toenails. [potion of mutation]
 57726 | Crypt:1  | Gained mutation: You are weak. (Str -2) [potion of mutation]
 57726 | Crypt:1  | Gained mutation: You are somewhat resistant to further mutation. [potion of mutation]
 58055 | Crypt:2  | Found a transporter.
 58168 | Crypt:2  | Received a gift from Trog
 58237 | Crypt:2  | Received a gift from Trog
 58428 | Crypt:2  | Identified the +1 robe "Wouc" {rN+} (You found it on level 2 of the Crypt)
 58486 | Crypt:2  | Found a transporter.
 58655 | Crypt:2  | Noticed an ancient lich
 58656 | Crypt:2  | Noticed an ancient lich
 58672 | Crypt:2  | Killed an ancient lich
 58683 | Crypt:2  | Killed an ancient lich
 58688 | Crypt:2  | HP: 7/237 [lich/crystal spear (110)]
 59129 | Crypt:2  | Identified the +10 long sword of Oniurphi {venom, +Rage rC+ Int-5 Dex+6} (You found it on level 2 of the Crypt)
 59147 | Crypt:2  | Got a fine bone ring
 59150 | Crypt:2  | Identified the ring "Vatsywn" {Dex+4 Stlth+} (You found it on level 2 of the Crypt)
 59157 | Crypt:2  | Got an ancient platinum ring
 59158 | Crypt:2  | Identified the ring "Pugebb" {rC+ rN+ Str+4 Int+9 Dex+4} (You found it on level 2 of the Crypt)
 59182 | Crypt:3  | Entered Level 3 of the Crypt
 59247 | Crypt:3  | Received a gift from Trog
 59456 | Crypt:3  | Noticed an ancient lich
 59457 | Crypt:3  | Found a basalt altar of Yredelemnul.
 59467 | Crypt:3  | Killed an ancient lich
 59523 | Crypt:3  | Found the cursed +13 scythe of Curses {drain, *Curse}
 59526 | Crypt:3  | Got a crude platinum ring
 59544 | Crypt:3  | Identified the ring of Nuahoj {rElec rPois rN+ Dex+3} (You found it on level 3 of the Crypt)
 59547 | Crypt:3  | Got a heavily runed copper ring
 59603 | Crypt:3  | Identified the ring "Kiones" {+Inv rC+ rN+} (You found it on level 3 of the Crypt)
 59788 | Crypt:3  | Found a staircase to the Tomb.
 60010 | Crypt:3  | Received a gift from Trog
 60031 | Crypt:3  | Reached XP level 26. HP: 247/247 MP: 32/32
 60046 | Crypt:3  | Found the +2 shield of Resistance {rF+ rC+ MR+}
 60185 | Tomb:1   | Entered Level 1 of the Tomb of the Ancients
 60372 | Tomb:1   | Received a gift from Trog
 60378 | Tomb:1   | Noticed a greater mummy
 61907 | Zot:3    | Received a gift from Trog
 62832 | Zot:4    | Received a gift from Trog
 62992 | Zot:4    | Reached XP level 27. HP: 78/256 MP: 32/32
 63675 | Zot:4    | Received a gift from Trog
 63847 | Zot:4    | Killed from afar by a purple draconian knight

Vault maps used:
D:1:      mrwooster_arrival_statue_2, minmay_misc_feat_diagonals
D:2:      lightli_temple_of_fire, old_standard_altar, moated_statue,
          serial_bayou_pond_b, minivault_19, uniq_terence, uniq_sigmund
D:3:      lemuel_crystal_altar, old_standard_altar, first_ration
D:4:      grunt_temple_overflow_forces_of_nature, old_standard_altar,
          xom_redecorated
D:5:      okawaru_trees_1, lemuel_doored_altar, serial_shops, shop,
          nicolae_shop_trees, shop
D:6:      lemuel_blue_sif_altar, uniq_crazy_yiuf_cottage
D:7:      minmay_temple_entry_butterflies, grunt_ogre_cave
D:8:      lemuel_round_altar, grunt_lair_entry_orc_guard_hut,
          kennysheep_generic_room_13
D:9:      zin_academy, yredelemnul_altar_generic, orc_0_dummy,
          serial_corexii_hall, corexii_hall_statues_u, corexii_hall_statues_x,
          nicolae_blasting_shop
D:10:     gammafunk_beogh_shrine, serial_bayou, serial_bayou_crossing,
          serial_bayou_pond_e, serial_bayou_pond_b, serial_bayou_shore_a,
          serial_shops, nicolae_shop_crystal, kennysheep_generic_room_7,
          uniq_joseph, uniq_psyche
D:11:     lab_entry_generic, serial_shops, kennysheep_mini, grunt_ministairs_9,
          uniq_gastronok
D:12:     portal_ice_cave_entry_pillars_1, serial_park_tiny_pond,
          hangedman_decor_opposing
D:13:     serial_shops, shop, shop, nicolae_shop_behind_doors,
          nicolae_shop_trees, nicolae_shop_temple_entry_statues_fountains,
          grunt_decor_cap
D:14:     hangedman_vaults_entry_quadrant_bands, dk_noncrumbling_2,
          serial_bayou_ford_a, hangedman_decor_diamond_cutter
D:15:     grunt_enter_depths_magical_seal, lemuel_tele_altar, uniq_urug
Temple:   compressed_dpeg_triangle_lava_temple
Lair:1:   basic_altar, uniq_grum
Lair:2:   gammafunk_cloud_chamber, uniq_sonja
Lair:3:   nicolae_spider_entry_tight_spaces, ldierk_geyser, serial_bayou_pond_d,
          eino_small_chamber_without_monster
Lair:4:   elwin_shoals_entry_rocks, serial_bayou_pond_b, uniq_nergalle
Lair:5:   wad_woods_structure_01, minmay_slime_entry_pillars, roderic_batcave
Lair:6:   hangedman_lair_caniforms_friends, wormcave
Shoals:2: uniq_jorgrun
Shoals:3: nicolae_shoals_water_elemental_grotto
Shoals:4: shoals_end_grunt_ice, shoals_ilsuiw_alternative, uniq_polyphemus
Spider:1: einodemon_crawler_minivault
Spider:4: grunt_spider_rune_parallel, uniq_agnes, uniq_louise
Slime:2:  uniq_dissolution
Orc:1:    serial_shops, uniq_fannar
Orc:2:    st_orc_mages
Elf:1:    basic_altar, serial_shops, shop_coins, minivault_28
Elf:2:    serial_shops, nicolae_shop_waterfront, evilmike_minifort
Elf:3:    elf_hall, serial_sigils, serial_sigils_hangedman_snap,
          serial_sigils_hangedman_writhe, serial_sigils_hangedman_quiver,
          serial_sigils_hangedman_gut
Vaults:1: hangedman_vaults_stagger, v_alt_pattern_1,
          vaults_standard_mumra_enter_the_diamond,
          nicolae_vaults_little_squares_6, vaults_room_boxed, v_misc_5,
          vaults_dpeg_ring, dpeg_vaults_monster_box,
          nicolae_vaults_little_squares_5, serial_shops, shop_fountains,
          uniq_saint_roka, uniq_nikola
Vaults:2: v_pattern_2, v_misc_15, vaults_room_grid, hangedman_vaults_variations,
          v_misc_3, vaults_mumra_chevron_long, ontoclasm_vaults_chip,
          nicolae_vaults_mini_display_case, serial_ice_g, v_alt_pattern_5,
          v_misc_8, v_misc_23, dummy_crypt_entry, serial_shops, shop
Vaults:3: ontoclasm_vaults_tryst, v_misc_13, v_misc_11,
          ontoclasm_vaults_loading_screen, v_misc_18,
          ontoclasm_vaults_ring_small, v_misc_9, ontoclasm_vaults_spin,
          hangedman_vaults_stitches, special_room_vaults, v_misc_10,
          vaults_room_door_ring, grunt_vaults_hallway_short, serial_shops, shop
Vaults:4: v_misc_24, vaults_room_door_hall, grunt_tower_of_power,
          vaults_room_hallway, v_misc_16,
          vaults_standard_mumra_enter_the_diamond, ontoclasm_vaults_fault,
          serial_shops, nicolae_shop_behind_doors
Crypt:1:  grunt_megastairs_3
Crypt:2:  gammafunk_dig_for_victory
Crypt:3:  cryptofortress_bobbens
Depths:1: enter_ziggurat_a, nrook_mini_backslash, pf_hell_entry_tar_spiral,
          hangedman_decor_slide_cut, serial_sigils_hangedman_scar,
          minmay_parallelograms, kennysheep_minor_cross,
          minmay_misc_feat_square, st_stairs_8
Depths:2: kennysheep_funnel, hangedman_decor_clover_reticule, hell_entry,
          minislime_mu
Depths:3: vault_1, pan_entry, hell_entry, minmay_misc_feat_tiny,
          grunt_ministairs_7
Depths:4: pf_snail_temple, hell_entry, nicolae_abyss_entry_one_way_or_another,
          uniq_sojobo
Depths:5: grunt_zot_entry_gee_three, fountainhead, hell_entry, abyss_entry,
          hangedman_decor_riveting, spider_trap, uniq_boris, uniq_frederick
Zot:1:    gammafunk_its_a_trap
Zot:2:    st_stairs_8, zot_minivault_4
Zot:3:    hangedman_hellfire_club
Zot:4:    zot_minivault_1
Lab:      labyrinth_mini_lab, nicolae_lab_checkerboard, nicolae_lab_stuck,
          labyrinth_skeletal_remains
IceCv:    ice_cave_small_dragons

Skill      XL: |  1  2  3  4  5  6  7  8  9 10 11 12 13 14 15 16 17 18 19 20 21 22 23 24 25 26 27 |
---------------+----------------------------------------------------------------------------------+-----
Axes           | 4 5 6 7 9 11 12 14 15 17 18 20 21 22 23 | 23.9
Armour         | 1 2 3 4 6 7 9 10 11 12 13 14 15 16 17 18 19 20 21 22 | 22.7
Fighting       | 4 5 6 7 8 9 10 12 13 14 15 16 17 18 19 20 21 22 23 | 23.0
Dodging        | 4 5 6 7 9 11 12 13 14 15 16 17 18 19 20 21 | 21.3
Shields        | 2 5 8 9 |  9.3
Bows           | 2 5 9 12 13 14 15 16 17 18 19 | 19.5
Stealth        | 3 5 7 8 9 11 12 13 14 | 14.5
Evocations     | 2 5 7 8 9 10 11 12 13 14 | 14.4

Action                   |  1- 3 |  4- 6 |  7- 9 | 10-12 | 13-15 | 16-18 | 19-21 | 22-24 | 25-27 || total
-------------------------+-------+-------+-------+-------+-------+-------+-------+-------+-------++-------
Melee: Hand axe          |    61 |     1 |   236 |   472 |   351 |       |       |       |       ||  1121
       Headbutt          |    11 |    11 |    66 |   120 |   302 |   306 |   338 |   446 |   415 ||  2015
       War axe           |       |    83 |    55 |       |       |       |       |       |       ||   138
       Battleaxe         |       |       |       |       |   628 |   630 |       |       |       ||  1258
       Dagger            |       |       |       |       |     6 |       |       |       |       ||     6
       Broad axe         |       |       |       |       |       |   240 |  1006 |  1335 |  1042 ||  3623
       Executioner's axe |       |       |       |       |       |       |       |    62 |       ||    62
 Fire: Longbow           |       |       |       |       |    10 |   352 |   405 |   169 |       ||   936
Invok: Berserk           |       |       |     2 |    11 |     8 |     6 |     6 |     6 |     6 ||    45
       Burn Spellbooks   |       |       |       |     1 |     3 |     3 |     6 |     6 |     2 ||    21
       Trog's Hand       |       |       |       |     1 |     2 |     2 |     8 |    13 |     9 ||    35
       Brothers in Arms  |       |       |       |       |     1 |     2 |     4 |     1 |     2 ||    10
Evoke: Sack of spiders   |       |       |       |       |       |       |     2 |     1 |       ||     3
       Wand              |       |       |       |       |       |       |     1 |       |     6 ||     7
       Phantom mirror    |       |       |       |       |       |       |     1 |       |       ||     1
  Use: Scroll            |       |       |       |    25 |     9 |    20 |     5 |    15 |    13 ||    87
       Potion            |       |       |       |       |       |     5 |    13 |     2 |    16 ||    36
 Stab: Distracted        |       |       |       |       |       |     2 |     4 |     7 |     3 ||    16
       Sleeping          |       |       |       |       |       |     3 |    12 |    20 |    12 ||    47
       Confused          |       |       |       |       |       |       |       |       |     1 ||     1
  Eat: Chunk             |       |     5 |    14 |    25 |    35 |    25 |    18 |    38 |    15 ||   175
       Ration            |       |       |       |     1 |     1 |     5 |     8 |     5 |     6 ||    26
Armor: Robe              |    10 |       |       |       |       |       |       |       |       ||    10
       Scale mail        |       |    40 |    28 |       |       |   133 |   371 |   462 |   220 ||  1254
       Plate armour      |       |       |    74 |       |       |       |       |       |       ||    74
       Chain mail        |       |       |    38 |   159 |   370 |   267 |       |       |       ||   834
       Gold dragon scale |       |       |       |       |       |       |       |       |   123 ||   123
Dodge: Dodged            |    70 |    53 |   119 |   188 |   628 |   883 |   990 |  1263 |  1016 ||  5210
Block: Buckler           |       |       |       |   111 |   116 |    72 |   330 |   450 |   449 ||  1528

Table legend:
 A = Spawn XP
 B = Non-spawn XP
 C = Spawn XP percentage of total XP
 D = Spawn monster count
 E = Non-spawn monster count
 F = Spawn count percentage of total count
 G = Total turns spent on level
                    A         B        C        D         E        F      G
               +---------+---------+-------+---------+---------+-------+---------
         Total |       0 | 1554389 |   0.0 |       0 |    2673 |   0.0 | 63847
               +---------+---------+-------+---------+---------+-------+---------
           D:1 |       0 |      41 |   0.0 |       0 |      24 |   0.0 |   923
           D:2 |       0 |     318 |   0.0 |       0 |      24 |   0.0 |   696
           D:3 |       0 |     266 |   0.0 |       0 |      18 |   0.0 |   733
           D:4 |       0 |     440 |   0.0 |       0 |      33 |   0.0 |   882
           D:5 |       0 |     623 |   0.0 |       0 |      23 |   0.0 |   935
           D:6 |       0 |    1640 |   0.0 |       0 |      20 |   0.0 |   806
           D:7 |       0 |     437 |   0.0 |       0 |       9 |   0.0 |  1215
           D:8 |       0 |    1886 |   0.0 |       0 |      32 |   0.0 |   814
           D:9 |       0 |    1605 |   0.0 |       0 |      20 |   0.0 |  1169
          D:10 |       0 |    8096 |   0.0 |       0 |      69 |   0.0 |  1921
          D:11 |       0 |    6235 |   0.0 |       0 |      34 |   0.0 |  1165
          D:12 |       0 |    6663 |   0.0 |       0 |      44 |   0.0 |   984
          D:13 |       0 |    8142 |   0.0 |       0 |      36 |   0.0 |  1066
          D:14 |       0 |   17134 |   0.0 |       0 |      56 |   0.0 |  1411
          D:15 |       0 |   19367 |   0.0 |       0 |      50 |   0.0 |  1668
        Lair:1 |       0 |    5084 |   0.0 |       0 |      21 |   0.0 |   567
        Lair:2 |       0 |    8919 |   0.0 |       0 |      20 |   0.0 |   992
        Lair:3 |       0 |    7671 |   0.0 |       0 |      32 |   0.0 |  1031
        Lair:4 |       0 |    6236 |   0.0 |       0 |      23 |   0.0 |   872
        Lair:5 |       0 |    4614 |   0.0 |       0 |      28 |   0.0 |  1261
        Lair:6 |       0 |   35521 |   0.0 |       0 |     134 |   0.0 |  1746
      Shoals:1 |       0 |   20636 |   0.0 |       0 |      41 |   0.0 |   878
      Shoals:2 |       0 |   12678 |   0.0 |       0 |      23 |   0.0 |   723
      Shoals:3 |       0 |   18041 |   0.0 |       0 |      38 |   0.0 |   791
      Shoals:4 |       0 |   60600 |   0.0 |       0 |      81 |   0.0 |  1604
      Spider:1 |       0 |   25583 |   0.0 |       0 |      69 |   0.0 |  1410
      Spider:2 |       0 |   21492 |   0.0 |       0 |      56 |   0.0 |  2102
      Spider:3 |       0 |   23382 |   0.0 |       0 |      69 |   0.0 |  1500
      Spider:4 |       0 |   36099 |   0.0 |       0 |      86 |   0.0 |  1095
       Slime:1 |       0 |    8772 |   0.0 |       0 |      15 |   0.0 |   197
       Slime:2 |       0 |   21624 |   0.0 |       0 |      16 |   0.0 |   227
       Slime:3 |       0 |    7047 |   0.0 |       0 |      18 |   0.0 |   269
       Slime:4 |       0 |   30336 |   0.0 |       0 |      33 |   0.0 |  1836
       Slime:5 |       0 |   31037 |   0.0 |       0 |      22 |   0.0 |  1051
         Orc:1 |       0 |    4081 |   0.0 |       0 |      25 |   0.0 |   393
         Orc:2 |       0 |    8368 |   0.0 |       0 |      64 |   0.0 |   890
         Elf:1 |       0 |   14190 |   0.0 |       0 |      21 |   0.0 |   634
         Elf:2 |       0 |   45920 |   0.0 |       0 |      66 |   0.0 |  1493
         Elf:3 |       0 |   59734 |   0.0 |       0 |      52 |   0.0 |  1748
      Vaults:1 |       0 |   52855 |   0.0 |       0 |      98 |   0.0 |  1770
      Vaults:2 |       0 |   34465 |   0.0 |       0 |      66 |   0.0 |  1525
      Vaults:3 |       0 |   41036 |   0.0 |       0 |      79 |   0.0 |  1144
      Vaults:4 |       0 |   61487 |   0.0 |       0 |     100 |   0.0 |  1499
       Crypt:1 |       0 |   37821 |   0.0 |       0 |      64 |   0.0 |   924
       Crypt:2 |       0 |   68206 |   0.0 |       0 |      66 |   0.0 |  1264
       Crypt:3 |       0 |   63268 |   0.0 |       0 |      85 |   0.0 |  1064
        Tomb:1 |       0 |   20414 |   0.0 |       0 |      16 |   0.0 |   294
      Depths:1 |       0 |   34506 |   0.0 |       0 |      55 |   0.0 |  1219
      Depths:2 |       0 |   38702 |   0.0 |       0 |      79 |   0.0 |   859
      Depths:3 |       0 |   48834 |   0.0 |       0 |      66 |   0.0 |  1785
      Depths:4 |       0 |  120065 |   0.0 |       0 |      98 |   0.0 |  1653
      Depths:5 |       0 |   87604 |   0.0 |       0 |      88 |   0.0 |  1994
         Zot:1 |       0 |   31878 |   0.0 |       0 |      17 |   0.0 |  1017
         Zot:2 |       0 |   73105 |   0.0 |       0 |      42 |   0.0 |   800
         Zot:3 |       0 |   62000 |   0.0 |       0 |      39 |   0.0 |   993
         Zot:4 |       0 |   81006 |   0.0 |       0 |      49 |   0.0 |  1023
           Lab |       0 |    1111 |   0.0 |       0 |       1 |   0.0 |   314
         IceCv |       0 |    5468 |   0.0 |       0 |      20 |   0.0 |   891
               +---------+---------+-------+---------+---------+-------+---------
